 Dungeon Crawl Stone Soup version 0.31-a0-152-g6aa68a64a1 (webtiles) character file.

Game seed: 3957138056070290878

5852 qw the Skirmisher (level 10, -2/91 HPs)
             Began as a Minotaur Hunter on June 9, 2023.
             Was a Believer of Okawaru.
             Slain by a vampire (5 damage)
             ... on level 9 of the Dungeon.
             The game lasted 00:04:14 (8595 turns).

qw the Skirmisher (Minotaur Hunter)                 Turns: 8595, Time: 00:04:14

Health: -2/91      AC: 14    Str: 16    XL:     10   Next: 52%
Magic:  12/12      EV: 14    Int:  6    God:    Okawaru [**....]
Gold:   567        SH:  5    Dex: 18    Spells: 9/9 levels left

rFire   . . .        Y - +2 shortbow
rCold   . . .        (shield currently unavailable)
rNeg    . . .        d - +2 ring mail {rPois}
rPois   +            (helmet restricted)
rElec   .            (no cloak)
rCorr   .            a - +2 pair of gloves {infuse}
SInv    .            c - +2 pair of boots
Will    .....        h - amulet of reflection
Stlth   +            (no ring)
HPRegen 0.35/turn    (no ring)
MPRegen 0.13/turn

%: reflection, infuse magic (1 MP)
@: no status effects
A: horns 2, retaliatory headbutt
a: Renounce Religion, Heroism


You were on level 9 of the Dungeon.
You worshipped Okawaru.
Okawaru was pleased with you.
You visited 2 branches of the dungeon, and saw 10 of its levels.
You also visited: Ossuary.

You collected 854 gold pieces.
You spent 287 gold pieces at shops.


Innate Abilities, Weirdness & Mutations

You have a pair of horns on your head.
You reflexively headbutt those who attack you in melee.


   Skills:
 - Level 9.6 Fighting
 + Level 13.3 Ranged Weapons
 - Level 4.0 Armour
 - Level 6.1 Dodging
 - Level 0.7 Stealth
 - Level 4.0 Invocations


You had 9 spell levels left.
You didn't know any spells.
Your spell library was empty.

Inventory:

Hand Weapons
 Y - a +2 shortbow (weapon)
Armour
 a - a +2 pair of gloves of infusion (worn)
 c - a +2 pair of boots (worn)
 d - a +2 ring mail of poison resistance (worn)
 n - a +0 cloak
Jewellery
 h - an amulet of reflection (around neck)
Scrolls
 g - a scroll of teleportation
 j - a scroll of immolation {unknown}
 k - a scroll of identify
Potions
 b - 3 potions of heal wounds
 e - 4 potions of haste
 f - a potion of resistance
 i - 4 potions of mutation
 l - a potion of lignification {unknown}
 m - 2 potions of cancellation

Dungeon Overview and Level Annotations

Branches:
Dungeon (9/15)             Temple (1/1) D:6         Ossuary (visited)
   Lair: D:8-11         Orc: D:9-12

Altars:
Ashenzari
Cheibriados
Dithmenos
Elyvilon
Fedhas
Gozag
Hepliaklqana
Kikubaaqudgha
Makhleb
Nemelex Xobeh
Okawaru
Qazlal
Ru
Sif Muna
Trog
Uskayaw
Vehumet
Wu Jian
Xom
Yredelemnul
Zin
The Shining One

Shops:
D:1 *[:*   D:4 :   D:7 !

Portals:
Bailey: D:7

Annotations:
D:3 1 runed translucent door, Crazy Yiuf
D:4 2 transporters
D:8 1 transporter


Message History

Something hits you but does no damage. Something barely misses you.
You shoot an arrow. You shoot an arrow.
You feel less confused.
You hear some strange, mumbled words.
Something tries to affect you, but you resist.
You shoot an arrow. Something barely misses you. Something bites you!
Something draws strength from your injuries!
You shoot an arrow. Something hits you. Something bites you.
Something draws strength from your injuries!
You shoot an arrow. Something hits you but does no damage.
Something bites you but does no damage.
You shoot an arrow. Something hits you but does no damage. Something bites you.
Something draws strength from your injuries!
You shoot an arrow. Something hits you! Something bites you but does no damage.
You shoot an arrow. You shoot an arrow. Something hits you.
Something bites you.
Something draws strength from your injuries!
You shoot an arrow. Something barely misses you.
Something bites you but does no damage.
You shoot an arrow. Something hits you. Something bites you but does no damage.
You shoot an arrow. Something hits you! Something bites you.
Something draws strength from your injuries!
You shoot an arrow. You shoot an arrow. Something hits you.
Something bites you but does no damage.
You shoot an arrow. Something hits you! You block something's attack.
You shoot an arrow. Something hits you but does no damage.
Something barely misses you.
You shoot an arrow. Something hits you. Something bites you.
You die...

##.##
###....####
###.%#
###......
.###...##
####...
.........####
###.
..#####...#.##
###.. ##..#..#
###....
##....#
##......
##...##
#.......
##@{.#
##...... ##..#
##..... ...#
##.... #...#
##... #...#
#### #...# #
.... ## ... #.
#.


There were no monsters in sight!

Vanquished Creatures
  A two-headed ogre (D:9)
  Maggie (D:8)
  Joseph (D:8)
  Psyche (D:8)
  Grinder (D:4)
  A hornet (D:8)
  Sigmund (D:4)
  Eustachio (D:4)
  10 yaks
  Menkaure (D:4)
  A water moccasin (D:8)
  A black bear (D:7)
  An ogre (D:5)
  2 centaurs
  A kobold brigand (D:9)
  4 bullfrogs
  9 wights (D:6)
  2 howler monkeys (D:9)
  An orc priest (D:5)
  2 gnoll boudas
  A hound (D:2)
  4 iguanas
  10 orc wizards
  8 mummies (Ossuary)
  10 adders
  10 gnolls
  2 shadow imps
  2 white imps
  An ufetubus (D:6)
  A dart slug (D:5)
  34 orcs
  5 endoplasms
  3 giant cockroaches
  3 goblins
  10 hobgoblins
  5 jackals
  3 quokkas
  7 ball pythons
  4 bats
  3 frilled lizards (D:1)
  3 gnoll zombies (Ossuary)
  2 hobgoblin zombies (Ossuary)
  10 kobolds
  2 kobold zombies (Ossuary)
  An orc zombie (Ossuary)
  6 rats
193 creatures vanquished.

Notes
Turn   | Place    | Note
-------+----------+-------------------------------------------
     0 | D:1      | qw the Minotaur Hunter began the quest for the Orb.
     0 | D:1      | Reached XP level 1. HP: 18/18 MP: 0/0
     0 | D:1      | 0 ||| qw: Version: 0.2-a-122-gbc61b45
     0 | D:1      | 0 ||| qw: Game counter: 3401
     0 | D:1      | 0 ||| qw: Always use a shield: true
     0 | D:1      | 0 ||| qw: God list: Okawaru
     0 | D:1      | 0 ||| qw: Allow faded altars: false
     0 | D:1      | 0 ||| qw: Do Orc after D:15 true
     0 | D:1      | 0 ||| qw: Do second Lair branch before Depths: true
     0 | D:1      | 0 ||| qw: Lair rune preference: random
     0 | D:1      | 0 ||| qw: Plans: Normal
     0 | D:1      | 0 ||| PLANNING D:1-11
   149 | D:1      | Found Akhautiot's Antique Armour Shoppe.
   152 | D:1      | 152 ||| SHOPLISTING cloak (108 gold, have 13).
   152 | D:1      | 152 ||| SHOPLISTING runed leather armour (120 gold, have
                  | 13).
   152 | D:1      | 152 ||| SHOPLISTING runed steam dragon scales (1032 gold,
                  | have 13).
   210 | D:1      | Found Qouk's Assorted Antiques.
   215 | D:1      | 215 ||| SHOPLISTING 2 purple potions (39 gold, have 27).
   215 | D:1      | 215 ||| BUYING purple potion (19 gold).
   215 | D:1      | Bought a purple potion for 19 gold pieces
   215 | D:1      | 215 ||| SHOPLISTING runed cloak (165 gold, have 8).
   215 | D:1      | 215 ||| SHOPLISTING runed robe (81 gold, have 8).
   215 | D:1      | 215 ||| SHOPLISTING scroll labelled UTIOLEO FOFAMIOJI (22
                  | gold, have 8).
   215 | D:1      | 215 ||| SHOPLISTING scroll labelled WIREMYA MIUCZOPI (22
                  | gold, have 8).
   215 | D:1      | 215 ||| SHOPLISTING scroll labelled ZYFFOF UDUUXT (22 gold,
                  | have 8).
   215 | D:1      | 215 ||| SHOPLISTING shimmering ring mail (198 gold, have
                  | 8).
   215 | D:1      | 215 ||| SHOPLISTING smoky sapphire potion (19 gold, have
                  | 8).
   227 | D:1      | Found Metuix's Book Shop.
   278 | D:1      | Reached XP level 2. HP: 25/25 MP: 1/1
   333 | D:1      | Reached skill level 5 in Ranged Weapons
   619 | D:1      | Found Fetits's General Store.
   626 | D:1      | 626 ||| SHOPLISTING potion of resistance (140 gold, have
                  | 29).
   626 | D:1      | 626 ||| BUYING scroll of identify (28 gold).
   626 | D:1      | Bought a scroll of identify for 28 gold pieces
   752 | D:1      | 752 ||| UPGRADING to +0 ring mail.
   762 | D:1      | 762 ||| DROPPING +0 leather armour.
   763 | D:1      | 763 ||| UPGRADING to amulet of reflection.
   768 | D:1      | 768 ||| READING scroll labelled KIOM ZEASS.
   769 | D:1      | 769 ||| READING scroll labelled DIMPA AGEGUPAD.
   770 | D:1      | 770 ||| READING scroll labelled URAUTS QEANNEN.
   770 | D:1      | Identified a scroll of acquirement
   770 | D:1      | 770 ||| ACQUIRING +2 pair of gloves of infusion
   770 | D:1      | Acquired a +2 pair of gloves of infusion
   772 | D:1      | 772 ||| UPGRADING to +2 pair of gloves of infusion.
   777 | D:1      | 777 ||| READING scroll labelled TOKKUI LIUPHO.
   778 | D:1      | 778 ||| READING scroll labelled JINUEBA EFEMMO.
   779 | D:1      | 779 ||| READING 3 scrolls of identify.
   779 | D:1      | 779 ||| IDENTIFYING viscous amethyst potion
   780 | D:1      | 780 ||| READING 2 scrolls of identify.
   780 | D:1      | 780 ||| IDENTIFYING glowing white potion
   781 | D:1      | 781 ||| DROPPING scroll of butterflies.
   782 | D:1      | 782 ||| DROPPING potion of enlightenment.
   783 | D:1      | 783 ||| DROPPING potion of attraction.
   871 | D:2      | Reached skill level 1 in Armour
   873 | D:2      | Reached skill level 3 in Fighting
   873 | D:2      | Reached XP level 3. HP: 25/33 MP: 2/2
   873 | D:2      | 873 ||| FLEEEEING.
   874 | D:2      | 874 ||| FLEEEEING.
   875 | D:2      | 875 ||| FLEEEEING.
   876 | D:2      | 876 ||| FLEEEEING.
   877 | D:2      | 877 ||| FLEEEEING.
   878 | D:2      | 878 ||| FLEEEEING.
   879 | D:2      | 879 ||| FLEEEEING.
   880 | D:2      | 880 ||| FLEEEEING.
   881 | D:2      | 881 ||| FLEEEEING.
   882 | D:2      | 882 ||| FLEEEEING.
   883 | D:2      | 883 ||| FLEEEEING.
   884 | D:2      | 884 ||| FLEEEEING.
   885 | D:2      | 885 ||| FLEEEEING.
   887 | D:2      | 887 ||| FLEEEEING.
   889 | D:2      | 889 ||| FLEEEEING.
   932 | D:2      | Found a sparkling altar of Nemelex Xobeh.
   939 | D:2      | You fall into a shaft and drop 1 floor!
  1003 | D:3      | Reached XP level 4. HP: 28/40 MP: 3/3
  1135 | D:3      | 1135 ||| READING scroll labelled WIREMYA MIUCZOPI.
  1140 | D:3      | 1140 ||| READING 2 scrolls of identify.
  1140 | D:3      | 1140 ||| IDENTIFYING pink potion
  1141 | D:3      | 1141 ||| Stepping randomly (stuck).
  1142 | D:3      | 1142 ||| Stepping randomly (stuck).
  1143 | D:3      | 1143 ||| Stepping randomly (stuck).
  1144 | D:3      | 1144 ||| Stepping randomly (stuck).
  1145 | D:3      | 1145 ||| Stepping randomly (stuck).
  1146 | D:3      | 1146 ||| Stepping randomly (stuck).
  1147 | D:3      | 1147 ||| Stepping randomly (stuck).
  1148 | D:3      | 1148 ||| Stepping randomly (stuck).
  1149 | D:3      | 1149 ||| Stepping randomly (stuck).
  1150 | D:3      | 1150 ||| Stepping randomly (stuck).
  1151 | D:3      | 1151 ||| Stepping randomly (stuck).
  1152 | D:3      | 1152 ||| Stepping randomly (stuck).
  1153 | D:3      | 1153 ||| Stepping randomly (stuck).
  1154 | D:3      | 1154 ||| Stepping randomly (stuck).
  1155 | D:3      | 1155 ||| Stepping randomly (stuck).
  1156 | D:3      | 1156 ||| Stepping randomly (stuck).
  1157 | D:3      | 1157 ||| Stepping randomly (stuck).
  1158 | D:3      | 1158 ||| Stepping randomly (stuck).
  1159 | D:3      | 1159 ||| Stepping randomly (stuck).
  1160 | D:3      | 1160 ||| Stepping randomly (stuck).
  1161 | D:3      | 1161 ||| Stepping randomly (stuck).
  1162 | D:3      | 1162 ||| Stepping randomly (stuck).
  1163 | D:3      | 1163 ||| Stepping randomly (stuck).
  1164 | D:3      | 1164 ||| Stepping randomly (stuck).
  1165 | D:3      | 1165 ||| Stepping randomly (stuck).
  1166 | D:3      | 1166 ||| Stepping randomly (stuck).
  1167 | D:3      | 1167 ||| Stepping randomly (stuck).
  1168 | D:3      | 1168 ||| Stepping randomly (stuck).
  1169 | D:3      | 1169 ||| Stepping randomly (stuck).
  1170 | D:3      | 1170 ||| Stepping randomly (stuck).
  1171 | D:3      | 1171 ||| Stepping randomly (stuck).
  1172 | D:3      | 1172 ||| Stepping randomly (stuck).
  1173 | D:3      | 1173 ||| Stepping randomly (stuck).
  1174 | D:3      | 1174 ||| Stepping randomly (stuck).
  1175 | D:3      | 1175 ||| Stepping randomly (stuck).
  1176 | D:3      | 1176 ||| Stepping randomly (stuck).
  1177 | D:3      | 1177 ||| Stepping randomly (stuck).
  1178 | D:3      | 1178 ||| Stepping randomly (stuck).
  1179 | D:3      | 1179 ||| Stepping randomly (stuck).
  1180 | D:3      | 1180 ||| Stepping randomly (stuck).
  1181 | D:3      | 1181 ||| Stepping randomly (stuck).
  1182 | D:3      | 1182 ||| Stepping randomly (stuck).
  1183 | D:3      | 1183 ||| Stepping randomly (stuck).
  1184 | D:3      | 1184 ||| Stepping randomly (stuck).
  1185 | D:3      | 1185 ||| Stepping randomly (stuck).
  1185 | D:3      | Found a runed translucent door.
  1186 | D:3      | 1186 ||| Stepping randomly (stuck).
  1187 | D:3      | 1187 ||| Stepping randomly (stuck).
  1188 | D:3      | 1188 ||| Stepping randomly (stuck).
  1189 | D:3      | 1189 ||| Stepping randomly (stuck).
  1190 | D:3      | 1190 ||| Stepping randomly (stuck).
  1191 | D:3      | 1191 ||| Stepping randomly (stuck).
  1192 | D:3      | 1192 ||| Stepping randomly (stuck).
  1193 | D:3      | 1193 ||| Stepping randomly (stuck).
  1194 | D:3      | 1194 ||| Stepping randomly (stuck).
  1195 | D:3      | 1195 ||| Stepping randomly (stuck).
  1196 | D:3      | 1196 ||| Stepping randomly (stuck).
  1197 | D:3      | 1197 ||| Stepping randomly (stuck).
  1198 | D:3      | 1198 ||| Stepping randomly (stuck).
  1199 | D:3      | 1199 ||| Stepping randomly (stuck).
  1200 | D:3      | 1200 ||| Stepping randomly (stuck).
  1201 | D:3      | 1201 ||| Stepping randomly (stuck).
  1202 | D:3      | 1202 ||| Stepping randomly (stuck).
  1203 | D:3      | 1203 ||| Stepping randomly (stuck).
  1204 | D:3      | 1204 ||| Stepping randomly (stuck).
  1205 | D:3      | 1205 ||| Stepping randomly (stuck).
  1206 | D:3      | 1206 ||| Stepping randomly (stuck).
  1207 | D:3      | 1207 ||| Stepping randomly (stuck).
  1208 | D:3      | 1208 ||| Stepping randomly (stuck).
  1209 | D:3      | 1209 ||| Stepping randomly (stuck).
  1210 | D:3      | 1210 ||| Stepping randomly (stuck).
  1211 | D:3      | 1211 ||| Stepping randomly (stuck).
  1212 | D:3      | 1212 ||| Stepping randomly (stuck).
  1213 | D:3      | 1213 ||| Stepping randomly (stuck).
  1214 | D:3      | 1214 ||| Stepping randomly (stuck).
  1215 | D:3      | 1215 ||| Stepping randomly (stuck).
  1216 | D:3      | 1216 ||| Stepping randomly (stuck).
  1217 | D:3      | 1217 ||| Stepping randomly (stuck).
  1218 | D:3      | 1218 ||| Stepping randomly (stuck).
  1219 | D:3      | 1219 ||| Stepping randomly (stuck).
  1220 | D:3      | 1220 ||| Stepping randomly (stuck).
  1221 | D:3      | 1221 ||| Stepping randomly (stuck).
  1222 | D:3      | 1222 ||| Stepping randomly (stuck).
  1223 | D:3      | 1223 ||| Stepping randomly (stuck).
  1224 | D:3      | 1224 ||| Stepping randomly (stuck).
  1225 | D:3      | 1225 ||| Stepping randomly (stuck).
  1226 | D:3      | 1226 ||| Stepping randomly (stuck).
  1227 | D:3      | 1227 ||| Stepping randomly (stuck).
  1228 | D:3      | 1228 ||| Stepping randomly (stuck).
  1229 | D:3      | 1229 ||| Stepping randomly (stuck).
  1230 | D:3      | 1230 ||| Stepping randomly (stuck).
  1231 | D:3      | 1231 ||| Stepping randomly (stuck).
  1232 | D:3      | 1232 ||| Stepping randomly (stuck).
  1233 | D:3      | 1233 ||| Stepping randomly (stuck).
  1234 | D:3      | 1234 ||| Stepping randomly (stuck).
  1235 | D:3      | 1235 ||| Stepping randomly (stuck).
  1236 | D:3      | 1236 ||| Stepping randomly (stuck).
  1237 | D:3      | 1237 ||| Stepping randomly (stuck).
  1238 | D:3      | 1238 ||| Stepping randomly (stuck).
  1239 | D:3      | 1239 ||| Stepping randomly (stuck).
  1240 | D:3      | 1240 ||| Stepping randomly (stuck).
  1241 | D:3      | 1241 ||| Stepping randomly (stuck).
  1242 | D:3      | 1242 ||| Stepping randomly (stuck).
  1243 | D:3      | 1243 ||| Stepping randomly (stuck).
  1244 | D:3      | 1244 ||| Stepping randomly (stuck).
  1245 | D:3      | 1245 ||| Stepping randomly (stuck).
  1246 | D:3      | 1246 ||| Stepping randomly (stuck).
  1252 | D:3      | 1252 ||| Stepping randomly (stuck).
  1253 | D:3      | 1253 ||| Stepping randomly (stuck).
  1255 | D:3      | 1255 ||| Stepping randomly (stuck).
  1257 | D:3      | 1257 ||| UPGRADING to +0 pair of boots.
  1262 | D:3      | 1262 ||| Stepping randomly (stuck).
  1263 | D:3      | 1263 ||| Stepping randomly (stuck).
  1264 | D:3      | 1264 ||| Stepping randomly (stuck).
  1265 | D:3      | 1265 ||| Stepping randomly (stuck).
  1266 | D:3      | 1266 ||| Stepping randomly (stuck).
  1547 | D:2      | Reached skill level 6 in Ranged Weapons
  1747 | D:2      | 1747 ||| DROPPING scarf of shadows.
  1748 | D:2      | 1748 ||| READING scroll labelled IROCAY LESMADE.
  1749 | D:2      | 1749 ||| READING 3 scrolls of identify.
  1749 | D:2      | 1749 ||| IDENTIFYING puce potion
  1750 | D:2      | 1750 ||| READING 2 scrolls of identify.
  1750 | D:2      | 1750 ||| IDENTIFYING smoky ruby potion
  1751 | D:2      | 1751 ||| DROPPING potion of berserk rage.
  1752 | D:2      | 1752 ||| DROPPING potion of ambrosia.
  1833 | D:2      | Identified the +1 helmet of Baldness {Fly}
  1881 | D:3      | Found a faded altar of an unknown god.
  1886 | D:3      | Found an opulent altar of Gozag.
  2128 | D:3      | Noticed Crazy Yiuf
  2389 | D:3      | 2389 ||| UPGRADING to +2 ring mail of poison resistance.
  2399 | D:3      | 2399 ||| DROPPING +0 ring mail.
  2400 | D:3      | 2400 ||| READING scroll labelled ZYFFOF UDUUXT.
  2472 | D:4      | 2472 ||| READING scroll labelled UTIOLEO FOFAMIOJI.
  2473 | D:4      | Noticed Sigmund
  2482 | D:4      | Killed Sigmund
  2483 | D:4      | Reached skill level 7 in Ranged Weapons
  2483 | D:4      | Reached XP level 5. HP: 44/46 MP: 4/4
  2483 | D:4      | Reached XP level 6. HP: 50/52 MP: 5/5
  2493 | D:4      | 2493 ||| STAIRDANCE
  2520 | D:4      | Found a transporter.
  2554 | D:4      | Found a transporter.
  2606 | D:4      | Noticed Eustachio
  2623 | D:4      | Killed Eustachio
  2624 | D:4      | Reached skill level 3 in Armour
  2712 | D:4      | Found Olaize's Self-Improvement Boutique.
  2745 | D:4      | Noticed Menkaure
  2750 | D:4      | Killed Menkaure
  2751 | D:4      | Reached skill level 8 in Ranged Weapons
  2751 | D:4      | Reached XP level 7. HP: 32/59 MP: 6/6
  2882 | D:4      | 2882 ||| READING scroll of enchant weapon.
  2882 | D:4      | 2882 ||| ENCHANTING +1 shortbow.
  2913 | D:4      | Noticed Grinder
  2920 | D:4      | Killed Grinder
  2921 | D:4      | Reached skill level 6 in Fighting
  3066 | D:4      | 3066 ||| READING 4 scrolls of identify.
  3066 | D:4      | 3066 ||| IDENTIFYING smoky coppery potion
  3067 | D:4      | 3067 ||| READING 3 scrolls of identify.
  3067 | D:4      | 3067 ||| IDENTIFYING purple potion
  3068 | D:4      | 3068 ||| DROPPING potion of brilliance.
  3072 | D:4      | 3072 ||| STAIRDANCE
  3420 | D:5      | Entered Level 5 of the Dungeon
  3655 | D:5      | Reached skill level 9 in Ranged Weapons
  3767 | D:5      | Reached XP level 8. HP: 70/70 MP: 7/7
  3954 | D:5      | 3954 ||| READING scroll labelled BEILYA ABLIM.
  3955 | D:5      | 3955 ||| READING 2 scrolls of identify.
  3955 | D:5      | 3955 ||| IDENTIFYING amethyst potion
  3990 | D:6      | 3990 ||| PLANNING OSSUARY
  4022 | D:6      | Reached skill level 3 in Dodging
  4155 | D:6      | Reached skill level 10 in Ranged Weapons
  4269 | D:6      | Found a sand-covered staircase.
  4275 | Ossuary  | Entered an ossuary
  4501 | Ossuary  | 4501 ||| DRINKING 2 bubbling red potions.
  4502 | Ossuary  | 4502 ||| DRINKING 2 orange potions.
  4503 | Ossuary  | 4503 ||| DROPPING potion of invisibility.
  4504 | Ossuary  | 4504 ||| DROPPING potion of degeneration.
  4527 | D:6      | 4527 ||| PLANNING D:1-11
  4784 | D:6      | 4784 ||| FLEEEEING.
  4785 | D:6      | 4785 ||| FLEEEEING.
  4786 | D:6      | 4786 ||| FLEEEEING.
  4787 | D:6      | 4787 ||| FLEEEEING.
  4788 | D:6      | 4788 ||| FLEEEEING.
  4789 | D:6      | 4789 ||| FLEEEEING.
  4792 | D:6      | 4792 ||| FLEEEEING.
  4793 | D:6      | 4793 ||| FLEEEEING.
  4794 | D:6      | 4794 ||| FLEEEEING.
  4795 | D:6      | 4795 ||| FLEEEEING.
  4796 | D:6      | 4796 ||| FLEEEEING.
  4799 | D:6      | 4799 ||| FLEEEEING.
  4800 | D:6      | 4800 ||| FLEEEEING.
  4801 | D:6      | 4801 ||| FLEEEEING.
  4861 | D:6      | Found a staircase to the Ecumenical Temple.
  4862 | D:6      | 4862 ||| PLANNING TEMPLE
  4862 | D:6      | 4862 ||| READING 2 scrolls of identify.
  4862 | D:6      | 4862 ||| IDENTIFYING silvery potion
  4869 | Temple   | Entered the Ecumenical Temple
  4870 | Temple   | 4870 ||| PLANNING OKAWARU WORSHIP
  5681 | Temple   | Became a worshipper of Warmaster Okawaru
  5681 | Temple   | 5681 ||| PLANNING D:1-11
  5824 | D:6      | 5824 ||| Stepping ~*~*~tactically~*~*~ (outnumbered).
  5840 | D:6      | 5840 ||| FLEEEEING.
  5841 | D:6      | 5841 ||| FLEEEEING.
  5848 | D:6      | Reached skill level 11 in Ranged Weapons
  6270 | D:7      | Found Ykaos's Distillery.
  6279 | D:7      | 6279 ||| BUYING potion of cancellation (80 gold).
  6279 | D:7      | Bought a potion of cancellation for 80 gold pieces
  6279 | D:7      | 6279 ||| BUYING potion of curing (30 gold).
  6279 | D:7      | Bought a potion of curing for 30 gold pieces
  6279 | D:7      | 6279 ||| BUYING potion of heal wounds (50 gold).
  6279 | D:7      | Bought a potion of heal wounds for 50 gold pieces
  6279 | D:7      | 6279 ||| BUYING potion of mutation (80 gold).
  6279 | D:7      | Bought a potion of mutation for 80 gold pieces
  6295 | D:7      | Reached XP level 9. HP: 79/79 MP: 8/8
  6309 | D:7      | Found a glowing silver altar of Zin.
  6443 | D:7      | Found a shadowy altar of Dithmenos.
  6594 | D:7      | Found a flagged portal.
  6595 | D:7      | 6595 ||| Stepping ~*~*~tactically~*~*~ (water).
  6637 | D:8      | Noticed Psyche
  6669 | D:8      | Killed Psyche
  6669 | D:8      | Reached * piety under Okawaru
  6671 | D:8      | Noticed Joseph
  6672 | D:8      | 6672 ||| INVOKING Heroism.
  6691 | D:8      | 6691 ||| INVOKING Heroism.
  6695 | D:8      | HP: 14/79 [Joseph/sling bullet (7)]
  6696 | D:8      | 6696 ||| READING scroll of teleportation.
  6697 | D:8      | 6697 ||| DRINKING 6 potions of heal wounds.
  6698 | D:8      | Killed Joseph
  6699 | D:8      | Reached skill level 12 in Ranged Weapons
  6702 | D:8      | Noticed Maggie
  6706 | D:8      | 6706 ||| INVOKING Heroism.
  6712 | D:8      | HP: 16/79 [Maggie/+2 scimitar of flaming (9)]
  6713 | D:8      | 6713 ||| DRINKING 5 potions of heal wounds.
  6718 | D:8      | Killed Maggie
  6968 | D:8      | Found a transporter.
  7173 | D:8      | Reached skill level 3 in Invocations
  7278 | D:8      | 7278 ||| READING scroll of enchant armour.
  7278 | D:8      | 7278 ||| ENCHANTING +0 pair of boots.
  7363 | D:8      | 7363 ||| INVOKING Heroism.
  7371 | D:8      | Reached XP level 10. HP: 34/88 MP: 8/12
  7375 | D:8      | Reached ** piety under Okawaru
  7756 | D:9      | Reached skill level 13 in Ranged Weapons
  7889 | D:9      | 7889 ||| READING scroll of enchant armour.
  7889 | D:9      | 7889 ||| ENCHANTING +1 pair of boots.
  7938 | D:9      | Noticed a two-headed ogre
  7939 | D:9      | 7939 ||| INVOKING Heroism.
  7947 | D:9      | Killed a two-headed ogre
  7948 | D:9      | Reached skill level 9 in Fighting
  8202 | D:9      | 8202 ||| DRINKING 2 potions of curing.
  8202 | D:9      | 8202 ||| (to cure confusion)
  8207 | D:9      | 8207 ||| INVOKING Heroism.
  8213 | D:9      | 8213 ||| DRINKING potion of curing.
  8213 | D:9      | 8213 ||| (to cure confusion)
  8218 | D:9      | HP: 22/91 [something (5)]
  8219 | D:9      | 8219 ||| READING 2 scrolls of teleportation.
  8220 | D:9      | 8220 ||| DRINKING 4 potions of heal wounds.
  8224 | D:9      | Reached skill level 6 in Dodging
  8590 | D:9      | HP: 16/91 [something (9)]
  8593 | D:9      | HP: 5/91 [something (9)]
  8595 | D:9      | Slain by a vampire

Levels and vault maps discovered:
D:1:      reono_arrival_forest_river, layout_loops_ring, serial_shops,
          nicolae_shop_rolling_square, shop, nicolae_shop_tiny_statue_garden,
          nicolae_shop_real_fake_doors
D:2:      layout_basic, basic_altar
D:3:      layout_basic, nicolae_overflow_ecumenical_swirl,
          uniq_crazy_yiuf_cottage
D:4:      gammafunk_wand_slinger, layout_loops_ring, nicolae_shop_self_help,
          uniq_grinder, uniq_menkaure, uniq_sigmund, uniq_eustachio
D:5:      layout_gridville
D:6:      layout_loops_ring, minmay_temple_entry_hall,
          nicolae_ossuary_entry_plus
D:7:      layout_rooms, nicolae_overflow_crystal_walls,
          mainiacjoe_overflow_brackets, serial_shops, shop, enter_bailey_4
D:8:      layout_loops_cross, nicolae_diode_basic, uniq_maggie, uniq_joseph,
          uniq_psyche
D:9:      layout_cave_pods
Temple:   compressed_dpeg_triangle_lava_temple

Skill      XL: |  1  2  3  4  5  6  7  8  9 10 |
---------------+-------------------------------+-----
Ranged Weapons | 5 7 8 9 11 12 13 | 13.3
Armour         | 1 3 4 |  4.0
Fighting       | 3 4 6 7 8 9 |  9.6
Dodging        | 4 5 6 |  6.1
Invocations    | 4 |  4.0
Stealth        | |  0.7

Action                     |  1- 3 |  4- 6 |  7- 9 | 10-12 || total
---------------------------+-------+-------+-------+-------++-------
   Fire: Shortbow          |    99 |   100 |   512 |   150 ||   861
 Invoke: Heroism           |       |       |     4 |     2 ||     6
    Use: Scroll            |     7 |     7 |     8 |     2 ||    24
         Potion            |       |       |     4 |     3 ||     7
 Armour: Leather armour    |     9 |       |       |       ||     9
         Ring mail         |    20 |    22 |    92 |    48 ||   182
  Dodge: Dodged            |    42 |    32 |   117 |    58 ||   249
  Block: Other             |    14 |    14 |    46 |    17 ||    91
         Reflection        |       |       |     1 |     1 ||     2

Table legend:
 A = Non-vault XP
 B = Vault XP
 C = Vault XP percentage of total XP
 D = Non-vault monster count
 E = Vault monster count
 F = Vault count percentage of total count
                 A         B        C        D         E       F
            +---------+---------+-------+---------+---------+-------
      Total |    6110 |    2250 |  26.9 |     165 |      28 |  14.5
            +---------+---------+-------+---------+---------+-------
        D:1 |      25 |       0 |   0.0 |      17 |       0 |   0.0
        D:2 |      86 |       0 |   0.0 |      14 |       0 |   0.0
        D:3 |      76 |       0 |   0.0 |      15 |       0 |   0.0
        D:4 |      67 |     870 |  92.8 |      12 |       4 |  25.0
        D:5 |     347 |       0 |   0.0 |      23 |       0 |   0.0
        D:6 |     931 |       0 |   0.0 |      23 |       0 |   0.0
        D:7 |     473 |      10 |   2.1 |      19 |       5 |  20.8
        D:8 |    1732 |    1218 |  41.3 |      15 |       3 |  16.7
        D:9 |    2373 |       0 |   0.0 |      27 |       0 |   0.0
    Ossuary |       0 |     152 | 100.0 |       0 |      16 | 100.0
            +---------+---------+-------+---------+---------+-------
